Workbook

Sheet 参考
B2: 林野庁 建設工事 競争参加資格申請書 作成参考
B4: 様式 | C4: 内容等 | D4: 備考
B5: 様式１ | C5: 一般競争（指名競争）参加資格審査申請書（建設工事）
B6: 様式１－１ | C6: （企業基本情報）
B7: 様式１－２ | C7: （希望工事種別、完成工事高ほか）
B8: 様式１－３ | C8: （林野庁工事実績） | D8: 該当なければ提出不要
B9: 様式２ | C9: 営業所一覧表
B10: 様式３ | C10: 建設共同企業体協定書の写し | D10: 該当なければ提出不要
B11: 様式４ | C11: 工事経歴書 | D11: 経営事項審査申請書に添付した工事経歴書（直前１年分）の写しで代替可。
B12: 様式５ | C12: 総合評定値通知書の写し | D12: 建設業法第27条の29第１項の請求により、国土交通大臣又は都道府県知事から 申請者に通知されたもので申請日の直近のもの
B13: 様式６ | C13: 共同企業体等調書 | D13: 共同企業体及び官公需適格組合で総合点数の算定等の特例扱いを希望する場合のみ提出 該当なければ提出不要
B14: 様式７ | C14: 納税証明書 （国税通則法施行規則 第９号書式） | D14: 個人の場合：その３の２ 、 法人の場合：その３の３ 上記のほか「第９号書式その３」でも可とするが、証明の対象となる税の種類が 異なる（不足する）場合には、受け付けることができない。

Sheet 様式1-1
B1: 様式１－１
G3: 01 | H3: 1 | J3: 新 規 | P3: ※02受付番号 | AI3: ※03 業者コード | BD3: ※申請者 | BN3: 06適格組 | BT3: 年 月 日
H4: 2 | J4: 更 新 | AI4: 04 | AL4: 許可番号 | AT4: － | BD4: 05 | BF4: の規模 | BN4: 合証明 | BT4: 第 | CB4: 号 | CG4: 許可番号は「２桁－６桁」
A6: 一般競争（指名競争）参加資格審査申請書（建設工事）
B8: 令和 | E8: 年度において、 | N8: で行われる建設工事に係る競争に参加する資格の審査を申請します。
B9: なお、この申請書及び添付書類の内容については、事実と相違ないことを誓約します。
B11: 令和 年 月 日
Z12: 殿
B14: 07 | C14: 本社（店）郵便番号 | R14: － | AD14: 08 | AF14: 法人番号 | CG14: 法人番号は「13桁」
C16: フ リ ガ ナ
B17: 09 | C17: 本社（店）住所
C19: フ リ ガ ナ
B20: 10 | C20: 商 号 又 は 名 称
B22: 11 | C22: 役 職
C24: フ リ ガ ナ | AP24: フ リ ガ ナ
C25: 代 表 者 氏 名 | AN25: 12 | AP25: 担当者氏名
B27: 13 | C27: 本社（店）電話番号 | AN27: 14 | AP27: 担当者電話番号
BE28: （内線番号 | BU28: ）
B30: 15 | C30: 本社(店)ＦＡＸ番号 | AM30: 16 | AP30: メールアドレス
B32: 17 | C32: 電子入札用ICカードの登録番号
B35: 18 | C35: （代理申請時使用欄） | L35: 申請代理人郵便番号
C37: 申請代理人 | L37: 申請代理人住 所 | AT37: 申請代理人電話番号
L39: 申請代理人氏 名
B41: 19 | C41: 外 資 状 況 | L41: １ 外国籍会社 | X41: ２ 日本国籍会社 | AJ41: ３ 日本国籍会社 | BJ41: 20 | BL41: 営業年数 | BW41: 年
L42: [国名： | W42: ] | X42: [国名： | AI42: ] | AJ42: [国名： | AT42: ] | AV42: [国名： | BG42: ]
X43: （外資比率：１００％） | AJ43: （外資比率： | AS43: ％） | AV43: （外資比率： ％） | BJ43: 21 | BL43: 総職員数
BM44: （人）
B46: 22 | C46: 設立年月日（和暦） | AB46: 23 | AD46: みなし大企業
B48: 明治 大正 昭和 | AC48: FALSE | AE48: 下記のいずれかに該当する | AS48: FALSE | AU48: 該当しない
L49: 年 | R49: 月 | X49: 日 | AE49: ・発行済株式の総数又は出資金額の総額の2分の1以上を同一の大企業が所有している中小企業
B50: 平成 令和 | AE50: ・発行済株式の総数又は出資金額の総額の3分の2以上を大企業が所有している中小企業
AE51: ・大企業の役員又は職員を兼ねている者が、役員総数の2分の1以上を占めている中小企業
C53: ※欄については、記載しないこと（以下同じ）。

Sheet 様式1-2
B1: 様式１－２
B2: ※受付番号 | P2: ※業者コード
Y4: ③申請を希望する部局 | AK4: 有資格者等数値
B5: 24 | Y5: 01 | Z5: 02 | AA5: 03 | AB5: 04 | AC5: 05 | AD5: 06 | AE5: 07 | AF5: 08 | AG5: 09 | AH5: 10 | AK5: 25 | AM5: 技術士及び技術士補 （森林部門） （人）
C6: ① | D6: 希 望 工 事 種 別 | O6: ② 年 間 平 均 完 成 工 事 高 | Y6: 林野庁 | Z6: 北海道 | AA6: 東 北 | AB6: 関 東 | AC6: 中 部 | AD6: 近畿中国 | AE6: 四 国 | AF6: 九 州 | AI6: 合計 | AK6: 専門技術職員数
X8: （千円）
B9: 完 | C9: 01 | D9: 土木一式工事 | AI9: =COUNTA(Y9:AF9) -> 0 | AM9: 林業技士 （人）
C10: 02 | D10: 建築一式工事 | AI10: =COUNTA(Y10:AF10) -> 0
B11: 成 | C11: 03 | D11: 大工工事 | AI11: =COUNTA(Y11:AF11) -> 0
C12: 04 | D12: 左官工事 | AI12: =COUNTA(Y12:AF12) -> 0
B13: 工 | C13: 05 | D13: とび・土工・コンクリート工事 | AI13: =COUNTA(Y13:AF13) -> 0 | AK13: 26 | AM13: 総合評点（Ｐ） （点）
C14: 06 | D14: 石工事 | AI14: =COUNTA(Y14:AF14) -> 0 | AK14: 総合評定値通知書
B15: 事 | C15: 07 | D15: 屋根工事 | AI15: =COUNTA(Y15:AF15) -> 0 | AM15: 土 木
C16: 08 | D16: 電気工事 | AI16: =COUNTA(Y16:AF16) -> 0
B17: 高 | C17: 09 | D17: 管工事 | AI17: =COUNTA(Y17:AF17) -> 0
C18: 10 | D18: タイル・れんが・ブロック工事 | AI18: =COUNTA(Y18:AF18) -> 0
C19: 11 | D19: 鋼構造物工事 | AI19: =COUNTA(Y19:AF19) -> 0 | AM19: 建 築
C20: 12 | D20: 鉄筋工事 | AI20: =COUNTA(Y20:AF20) -> 0
C21: 13 | D21: 鋪装工事 | AI21: =COUNTA(Y21:AF21) -> 0
C22: 14 | D22: しゅんせつ工事 | AI22: =COUNTA(Y22:AF22) -> 0
C23: 15 | D23: 板金工事 | AI23: =COUNTA(Y23:AF23) -> 0
C24: 16 | D24: ガラス工事 | AI24: =COUNTA(Y24:AF24) -> 0
C25: 17 | D25: 塗装工事 | AI25: =COUNTA(Y25:AF25) -> 0
C26: 18 | D26: 防水工事 | AI26: =COUNTA(Y26:AF26) -> 0
C27: 19 | D27: 内装仕上工事 | AI27: =COUNTA(Y27:AF27) -> 0
C28: 20 | D28: 機械器具設置工事 | AI28: =COUNTA(Y28:AF28) -> 0
C29: 21 | D29: 熱絶縁工事 | AI29: =COUNTA(Y29:AF29) -> 0
C30: 22 | D30: 電気通信工事 | AI30: =COUNTA(Y30:AF30) -> 0
C31: 23 | D31: 造園工事 | AI31: =COUNTA(Y31:AF31) -> 0
... C37: 29 | D37: 解体工事 | AI37: =COUNTA(Y37:AF37) -> 0
D38: その他（申請外）
C39: 合 計 | O39: =SUM(O9:X38) -> 0 | Y39: =COUNTA(Y9:Y37) -> 0 | Z39: =COUNTA(Z9:Z37) -> 0 | AA39: =COUNTA(AA9:AA37) -> 0 | AB39: =COUNTA(AB9:AB37) -> 0 | AC39: =COUNTA(AC9:AC37) -> 0 | AD39: =COUNTA(AD9:AD37) -> 0 | AE39: =COUNTA(AE9:AE37) -> 0 | AF39: =COUNTA(AF9:AF37) -> 0 | ... AH39: =COUNTA(AH9:AH37) -> 0 | AI39: =SUM(Y39:AF39) -> 0
C40: （注）１ 完成工事高については、消費税を含まない金額を記載すること。
C41: ２ 技術士及び技術士補（森林部門）並びに林業技士の資格を有する者が在籍する場合であって、申請内容に疑義が生じたときは、証明書等の写しを
C42: 別途求める場合がある。

Sheet 様式1-3
B2: 様式１－３ | AR2: 商号又は名称 | AX2: ='様式1-1'!L20 -> 0
B3: ※受付番号 | T3: ※業者コード | AR3: 本社（店）住所 | AX3: ='様式1-1'!L17 -> 0
B5: 27 | D5: ① 発 注 機 関 名 | S5: ②工事案件名 | AE5: ③契約年月日 | AK5: ④完成年月日 | AQ5: ⑤最終契約金額（税込み） （円） | BB5: ⑥優良工事表彰 | BN5: ⑦工事 評定点 | BS5: 備考
BB6: 大臣賞 | BF6: 長官賞 | BJ6: 局長賞
B7: 林 野 庁 工 事 実 績 | D7: 01
D8: 02
D9: 03
D10: 04
D11: 05
D12: 06
D13: 07
D14: 08
D15: 09
D16: 10
D17: 11
D18: 12
D19: 13
... D22: 16
D23: 合 計 | AQ23: =SUM(AQ7:BA22) -> 0 | BB23: =COUNTA(BB7:BE22) -> 0 | BF23: =COUNTA(BF7:BI22) -> 0 | BJ23: =COUNTA(BJ7:BM22) -> 0
C24: （注）１ 請負金額500万円を超えるとともに成績評定が行われている案件（土木工事）を記載すること。
C25: ２ 最終契約金額については、消費税を含めた金額を記載すること。
C26: ３ 工事評定点は、定期の審査の認定をする年度の前年度末までの４年間に完成、引渡しされた工事について記載すること。
C27: ４ 申請内容に疑義が生じた場合は、契約書の写し、優良工事表彰の写し（表彰通知書の写しでも可）及び工事成績評定通知書の写しを別途求める場合がある。
C28: ５ 林野庁工事実績がない場合は、提出不要。

Sheet 様式2
B1: 様式２
F2: ※受付番号 | X2: ※業者コード
AD3: 営 業 所 一 覧 表
C4: 番 | E4: 営業所名称 | N4: 郵便 番号 | R4: 所 在 地 | AP4: 電 話 番 号 | BB4: 建 設 業 許 可 業 種（上段）
BB5: 土 | BC5: 建 | BD5: 大 | BE5: 左 | BF5: と | BG5: 石 | BH5: 屋 | BI5: 電 | BJ5: 管 | BK5: タ | BL5: 鋼 | BM5: 筋 | BN5: 舗 | BO5: しゅ | BP5: 板 | BQ5: ガ | BR5: 塗 | BS5: 防 | BT5: 内 | BU5: 機 | BV5: 絶 | BW5: 通 | BX5: 園 | BY5: 井 | BZ5: 具 | CA5: 水 | CB5: 消 | CC5: 清 | CD5: 解
C6: 号 | BB6: 営 業 区 域 （下段）
E7: 本社 | N7: ='様式1-1'!L14 -> 0 | Q7: - | R7: ='様式1-1'!L17 -> 0 | AP7: ='様式1-1'!L27 -> 0
N8: ='様式1-1'!S14 -> 0
Q9: -
Q11: -
Q13: -
Q15: -
Q17: -
Q19: -
Q21: -
Q23: -
Q25: -
Q27: -
Q29: -
Q31: -
C33: 記載要領
D34: １ 本表は、申請日時点において作成すること。
D35: ２ 「営業所名称」欄には、経営事項審査を受けた建設業の許可を有する全ての本店又は支店等営業所の名称を記載すること。
D36: ３ 「所在地」欄には、営業所の所在地を記載すること。
D37: ４ 「電話番号」欄においては、市外・市内局番及び番号を「－」で区切り記載すること。
D38: ５ 「建設業許可業種（上段）」欄には、「営業所名称」欄に記載した営業所に対応する経営事項審査を受けた建設許可業種の欄に○印を付すこと。
D39: ６ 「営業区域（下段）」には、その営業所が営業する区域について、該当するコードを記載すること。

Sheet 様式4
A1: 様式４
A3: ※受付番号 | M3: ※業者コード
A5: 工 事 経 歴 書
A6: （建設工事の種類） 工事
A8: 注 文 者 | F8: 元請又は 下請の区別 | K8: 工 事 名 | AE8: 工事場所のある 都道府県名 | AM8: 配置技術者氏名 | AU8: 請負の額（千円） | BK8: 着工年月
BC9: うち（ ） | BK9: 完成（予定）年月
BN10: 年 | BS10: 月
BN11: 年 | BS11: 月
BN12: 年 | BS12: 月
BN13: 年 | BS13: 月
BN14: 年 | BS14: 月
BN15: 年 | BS15: 月
BN16: 年 | BS16: 月
BN17: 年 | BS17: 月
BN18: 年 | BS18: 月
BN19: 年 | BS19: 月
BN20: 年 | BS20: 月
BN21: 年 | BS21: 月
AH23: 合計 | AS23: 件 | BD23: 千円 | BP23: 千円
A25: 記載要領
A26: １ 本表は、経営事項審査申請書に添付した工事経歴書（直前１年分）の写しで代替することができる。
A27: ２ 本表は、許可を受けた建設業の種類に対応した建設工事の種類ごとに作成すること。
A28: ３ 本表は、直前１年間の完成工事について、記載された請負代金の額（工事進行基準を採用している場合、その工事進行進行基準が適用される完成工事し付いては、記載要領６により付記されたその完成工事高）の合計が、完成工事に係る請負代金の額（工事進行基準を採用している場合、その工事進行基準が適用される完成工事については、その完成工事高。記載要領６を除き、以下同じ。）の合計のおおむね７割を超えるところまで、請負代金の額の大きい順に記載し、それに続けて、直前１年間に着工した主な未完成工事についてついて記載すること。
A31: ４ 共同事業体（ＪＶ）として行った工事については、「元請又は下請の区別」の欄に、当該区別に係る記載のほかＪＶと付記すること。
A32: ５ 「配置技術者氏名」の欄には、完成工事について、建設業法第26条第１項又は第２項の規定により直前１年間に置かれた者の氏名をすべて記載すること。
A33: ６ 土木一式工事についてこの表を作成するには、「請負代金の額」の欄中「うち（ ）」の括弧内に「ＰＣ］と記載し、各工事ごとにプレストレストコンクリート工事に該当する請負代金の額を記載すること。また、とび・土木・コンクリート工事について作成する際には「法面処理」、鋼構造物工事について作成する際には「鋼橋上部」について同様に記載すること。
A35: ７ 工事進行基準を採用している場合、その工事進行基準が適用される完成工事については、「請負代金の額」の欄に、その完成工事高を括弧書きで付記すること。
A36: ８ 「合計」の欄には、完成工事の件数及び完成工事に係る請負代金の額の合計（記載要領５によりＰＣ等について請負代金の額を記載する場合には、当該区分にかかる額の合計を含む。）を記載すること。
A38: ９ 下請工事については、「注文者」の欄には直接注文した元請負人の商号又は名称を記載し、「工事名」の欄には下請工事の名称を記載すること。
A39: 10 「請負代金の額」は、消費税抜きの金額を記載すること。

Sheet 様式6-1
B1: 様式６－１
B2: ※受付番号 | W2: ※業者コード
A4: 共 同 企 業 体 等 調 書 （その１）
B6: 建設工事の種類 | Q6: 技 術 職 員 数
Q7: １ 級 | AJ7: 講 習 受 講 | BC7: 監理補佐 | BV7: 基 幹 | CO7: ２ 級 | DH7: そ の 他 | EA7: 合 計 | EG7: ※評点 （Ｚ）
Q8: ① | T8: ② | W8: ③ | Z8: ④ | AC8: ⑤ | AF8: ⑥or計 | AJ8: ① | AM8: ② | AP8: ③ | AS8: ④ | AV8: ⑤ | AY8: ⑥or計 | BC8: ① | BF8: ② | BI8: ③ | BL8: ④ | BO8: ⑤ | BR8: ⑥or計 | BV8: ① | BY8: ② | CB8: ③ | CE8: ④ | CH8: ⑤ | CK8: ⑥or計 | CO8: ① | CR8: ② | CU8: ③ | CX8: ④ | DA8: ⑤ | DD8: ⑥or計 | DH8: ① | DK8: ② | DN8: ③ | DQ8: ④ | DT8: ⑤ | DW8: ⑥or計
B9: 01 | D9: 土木一式工事
B10: 02 | D10: 建築一式工事
B11: 03 | D11: 大工
B12: 04 | D12: 左官
B13: 05 | D13: とび・土工・コンクリート
B14: 06 | D14: 石
B15: 07 | D15: 屋根
B16: 08 | D16: 電気
B17: 09 | D17: 管
B18: 10 | D18: タイル・れんが・ブロック
B19: 11 | D19: 鋼構造物
B20: 12 | D20: 鉄筋
... B37: 29 | D37: 解体
D38: 合計
BF40: 区 分 | BO40: ① | BV40: ② | CC40: ③ | CJ40: ④ | CQ40: ⑤ | CX40: ⑥or計 | DE40: ※数値 | DK40: ※点数 | DQ40: ※合計 | DW40: ※評点(Ｘ2)
BF41: 自己資本額
BF42: 利益額
BF43: 経 営 状 況 | DE43: ※評 点（Ｙ）
BF44: その他の評価項目 | DE44: ※評 点（Ｗ）

Sheet 様式6-2
B1: 様式６－２
B2: ※受付番号 | W2: ※業者コード
A4: 共 同 企 業 体 等 調 書 （その２）
B6: 建設工事の種類 | Q6: 技 術 職 員 数
Q7: １ 級 | AJ7: 講 習 受 講 | BC7: 監理補佐 | BV7: 基 幹 | CO7: ２ 級 | DH7: そ の 他 | EA7: 合 計 | EG7: ※評点 （Ｚ）
Q8: ⑦ | T8: ⑧ | W8: ⑨ | Z8: ⑩ | AC8: ⑪ | AF8: 計 | AJ8: ⑦ | AM8: ⑧ | AP8: ⑨ | AS8: ⑩ | AV8: ⑪ | AY8: 計 | BC8: ⑦ | BF8: ⑧ | BI8: ⑨ | BL8: ⑩ | BO8: ⑪ | BR8: 計 | BV8: ⑦ | BY8: ⑧ | CB8: ⑨ | CE8: ⑩ | CH8: ⑪ | CK8: 計 | CO8: ⑦ | CR8: ⑧ | CU8: ⑨ | CX8: ⑩ | DA8: ⑪ | DD8: 計 | DH8: ⑦ | DK8: ⑧ | DN8: ⑨ | DQ8: ⑩ | DT8: ⑪ | DW8: 計
B9: 01 | D9: 土木一式工事
B10: 02 | D10: 建築一式工事
B11: 03 | D11: 大工
B12: 04 | D12: 左官
B13: 05 | D13: とび・土工・コンクリート
B14: 06 | D14: 石
B15: 07 | D15: 屋根
B16: 08 | D16: 電気
B17: 09 | D17: 管
B18: 10 | D18: タイル・れんが・ブロック
B19: 11 | D19: 鋼構造物
B20: 12 | D20: 鉄筋
... B37: 29 | D37: 解体
D38: 合計
BF40: 区 分 | BO40: ⑦ | BV40: ⑧ | CC40: ⑨ | CJ40: ⑩ | CQ40: ⑪ | CX40: 計 | DE40: ※数値 | DK40: ※点数 | DQ40: ※合計 | DW40: ※評点(Ｘ2)
BF41: 自己資本額
BF42: 利益額
BF43: 経 営 状 況 | DE43: ※評 点（Ｙ）
BF44: その他の評価項目 | DE44: ※評 点（Ｗ）

Sheet 様式6-3
B1: 様式６－３
B2: ※受付番号 | W2: ※業者コード
A4: 共 同 企 業 体 等 調 書 （その３）
B6: 建設工事の種類 | Q6: 元 請 完 成 工 事 高
BS7: ※評点 （Z2) | BY7: ※評点（Z) （Z1+Z2）
Q8: ① | Z8: ② | AI8: ③ | AR8: ④ | BA8: ⑤ | BJ8: ⑥or計
B9: 01 | D9: 土木一式工事
B10: 02 | D10: 建築一式工事
B11: 03 | D11: 大工
B12: 04 | D12: 左官
B13: 05 | D13: とび・土工・コンクリート
B14: 06 | D14: 石
B15: 07 | D15: 屋根
B16: 08 | D16: 電気
B17: 09 | D17: 管
B18: 10 | D18: タイル・れんが・ブロック
B19: 11 | D19: 鋼構造物
B20: 12 | D20: 鉄筋
... B37: 29 | D37: 解体
D38: 合計

Sheet 様式6-4
B1: 様式６－４
B2: ※受付番号 | W2: ※業者コード
A4: 共 同 企 業 体 等 調 書 （その４）
B6: 建設工事の種類 | Q6: 元 請 完 成 工 事 高
BS7: ※評点 （Z2) | BY7: ※評点（Z) （Z1+Z2）
Q8: ⑦ | Z8: ⑧ | AI8: ⑨ | AR8: ⑩ | BA8: ⑪ | BJ8: 計
B9: 01 | D9: 土木一式工事
B10: 02 | D10: 建築一式工事
B11: 03 | D11: 大工
B12: 04 | D12: 左官
B13: 05 | D13: とび・土工・コンクリート
B14: 06 | D14: 石
B15: 07 | D15: 屋根
B16: 08 | D16: 電気
B17: 09 | D17: 管
B18: 10 | D18: タイル・れんが・ブロック
B19: 11 | D19: 鋼構造物
B20: 12 | D20: 鉄筋
... B37: 29 | D37: 解体
D38: 合計
